 Dungeon Crawl Stone Soup version bcrawl-1.13.1 (webtiles) character file.

Game seed: 9749455514775305527

14 Revguard the Sneak (level 2, -5/21 HPs)
             Began as a Demonspawn Archaeologist on Aug 3, 2019.
             Slain by a scorpion (7 damage)
             ... on level 2 of the Dungeon.
             The game lasted 00:01:18 (849 turns).

Revguard the Sneak (Demonspawn Archaeologist)        Turns: 849, Time: 00:01:19

Health: -5/21      AC:  5    Str: 11    XL:     2   Next: 31%
Magic:  2/2        EV: 11    Int: 15    God:
Gold:   104        SH:  0    Dex: 13    Spells: 1/1 levels left

rFire    + . .     SeeInvis .   a - +0 whip
rCold    . . .     Gourm    .   (no shield)
rNeg     . . .     Faith    .   j - +0 ring mail
rPois    .         Spirit   .   c - +1 hat
rElec    .         Reflect  .   (no cloak)
rCorr    .         Harm     .   (no gloves)
MR       .....     Clarity  +   o - +1 pair of boots
Stlth    ++........             (no amulet)
HPRegen  0.07/turn              b - ring of protection from cold
MPRegen  0.08/turn              l - ring of fire

@: no status effects
A: horns 1, agile 1, clarity, deformed body
a: no special abilities


You were on level 2 of the Dungeon.
You were not hungry.

You visited 1 branch of the dungeon, and saw 2 of its levels.

You collected 104 gold pieces.

Inventory:

Hand Weapons
 a - a +0 whip (weapon)
Armour
 c - a +1 hat (worn)
 j - a +0 ring mail (worn)
 o - a +1 pair of boots (worn)
Jewellery
 b - a ring of protection from cold (left hand)
 l - a ring of fire (right hand)
Scrolls
 h - a scroll of noise {unknown}
 i - 3 scrolls of remove curse {unknown}
 k - a scroll of blinking {unknown}
 n - a scroll of identify {unknown}
 p - a scroll of fear {unknown}
Miscellaneous
 e - a dusty tome
 f - an ancient crate
Comestibles
 g - 3 rations {!d}


   Skills:
 + Level 1.0 Fighting
 + Level 0.9 Maces & Flails
 * Level 1.2 Armour
 + Level 2.8 Dodging
 + Level 3.1 Stealth
 * Level 0.3 Evocations


You had one spell level left.
You didn't know any spells.
Your spell library was empty.

Dungeon Overview and Level Annotations

Branches:
Dungeon (2/12)

Altars:


Innate Abilities, Weirdness & Mutations

You have a pair of small horns on your head.
You are agile. (Dex +2)
You possess an exceptional clarity of mind.
Armour fits poorly on your strangely shaped body.


Message History

You hit the scorpion but do no damage.
The scorpion is lightly wounded.
The scorpion stings you but does no damage.
You closely miss the scorpion.
The scorpion is lightly wounded.
The scorpion stings you.
* * * LOW HITPOINT WARNING * * *
You hit the scorpion.
The scorpion is lightly wounded.
The scorpion closely misses you.
You hit the scorpion. You headbutt the scorpion.
The scorpion is heavily wounded.
The scorpion stings you but does no damage.
You barely miss the scorpion.
The scorpion is heavily wounded.
The scorpion stings you but does no damage.
You hit the scorpion.
The scorpion is heavily wounded.
The scorpion stings you!
You die...

. ##########. #...##....# ####
#...##....####### #..
#...##...)......# #.# #...#
#........####.# #...#
#.............#
#...####.............##########
#...<)).......@s...........†...
#.).####.............##########
#.........(.....#......#
#....##.....###.#........#
##..................######
...###............... .....
#.####........### ..... #.
.......... #. .........


You could see a scorpion.

Vanquished Creatures
  An ooze (D:1)
  A worm (D:2)
  A goblin (D:1)
  A hobgoblin (D:2)
  A frilled lizard (D:2)
  4 kobolds
9 creatures vanquished.

Notes
Turn   | Place    | Note
-------+----------+-------------------------------------------
     0 | D:1      | Revguard the Demonspawn Archaeologist began the quest for
                  | the Orb.
     0 | D:1      | Reached XP level 1. HP: 15/15 MP: 1/1
   279 | D:1      | Reached skill level 1 in Armour
   598 | D:2      | Gained mutation: You have a pair of small horns on your
                  | head. [demonic ancestry]
   598 | D:2      | Reached XP level 2. HP: 11/21 MP: 2/2
   786 | D:2      | Noticed a scorpion
   802 | D:2      | Gained mutation: Armour fits poorly on your strangely
                  | shaped body. [potion of mutation]
   802 | D:2      | Gained mutation: You possess an exceptional clarity of
                  | mind. [potion of mutation]
   802 | D:2      | Gained mutation: You are agile. (Dex +2) [potion of
                  | mutation]
   849 | D:2      | Slain by a scorpion

Skill      XL: |  1 |
---------------+----+-----
Armour         | 1 |  1.2
Fighting       | |  1.0
Maces & Flails | |  0.9
Dodging        | |  2.8
Stealth        | |  3.1
Evocations     | |  0.3

Action                   || total
-------------------------++-------
Melee: Whip              ||    37
       Headbutt          ||     4
  Use: Potion            ||     2
 Stab: Sleeping          ||     2
Armor: Ring mail         ||    18
       Robe              ||     1
Dodge: Dodged            ||    19
